 Dungeon Crawl Stone Soup version 0.31-a0-331-geda263fcf1 (webtiles) character file.

Game seed: 10161023126064589705

191 DrKenneth the Covered (level 5, 0/47 HPs)
             Began as a Minotaur Fighter on July 20, 2023.
             Slain by an orc priest
             ... wielding a +0 hand axe
              (2 damage)
             ... on level 3 of the Dungeon.
             The game lasted 00:06:57 (1768 turns).

DrKenneth the Covered (Minotaur Fighter)            Turns: 1768, Time: 00:06:58

Health: 0/47       AC: 10    Str: 23    XL:     5   Next: 42%
Magic:  4/4        EV:  9    Int:  5    God:
Gold:   133        SH:  4    Dex:  9    Spells: 4/4 levels left

rFire   . . .        a - +0 war axe
rCold   . . .        c - +0 buckler
rNeg    . . .        b - +0 scale mail
rPois   +            (helmet restricted)
rElec   .            e - +2 cloak {rPois}
rCorr   .            (no gloves)
SInv    .            (no boots)
Will    .....        (no amulet) Stlth
                     (no ring)
HPRegen 0.27/turn    (no ring)
MPRegen 0.09/turn

%: no passive effects
@: no status effects
A: horns 2, retaliatory headbutt
a: no special abilities


You were on level 3 of the Dungeon.
You visited 1 branch of the dungeon, and saw 3 of its levels.

You collected 133 gold pieces.

Inventory:

Hand Weapons
 a - a +0 war axe (weapon)
Armour
 b - a +0 scale mail (worn)
 c - a +0 buckler (worn)
 e - a +2 cloak of poison resistance (worn)
Jewellery
 p - a ring of flight
Scrolls
 g - 3 scrolls of teleportation {unknown}
 h - 2 scrolls of identify
 n - a scroll of poison {unknown}
 o - a scroll of acquirement {unknown}
Potions
 d - 2 potions of might
 f - a potion of degeneration {unknown}
 i - a potion of ambrosia {unknown}
 j - 2 potions of curing {unknown}
 k - a potion of heal wounds {unknown}
 l - a potion of mutation {unknown}
 m - 2 potions of attraction


   Skills:
 + Level 4.8 Fighting
 + Level 4.0 Axes
 + Level 4.9 Armour
 + Level 4.8 Shields


You had 4 spell levels left.
You didn't know any spells.
Your spell library contained the following spells:

 Spells                   Type           Power      Damage    Failure   Level
 Apportation              Tloc           0%         N/A       83%         1
 Necrotise                Necr           0%         1d4       83%         1
 Summon Small Mammal      Summ           0%         N/A       83%         1
 Sublimation of Blood     Necr           0%         N/A       93%         2
 Wereblood                Tmut           0%         N/A       93%         2
 Call Canine Familiar     Summ           0%         N/A       99%         3
 Summon Guardian Golem    Hex/Summ       0%         N/A       99%         3
 Summon Hydra             Summ           0%         N/A       100%        7


Dungeon Overview and Level Annotations

Branches:
Dungeon (3/15)

Altars:
Qazlal


Innate Abilities, Weirdness & Mutations

You have a pair of horns on your head.
You reflexively headbutt those who attack you in melee.


Message History

You headbutt the orc priest, but do no damage.
You block the orc priest's attack.
You hit the orc priest but do no damage.
You headbutt the orc priest.
The orc priest is lightly wounded.
The orc priest mumbles some strange prayers to Beogh against you.
Pain shoots through your body!
* * * LOW HITPOINT WARNING * * *
An orc comes into view. It is wielding a +0 flail.
The orc priest closely misses you.
You hit the orc priest.
The orc priest is moderately wounded.
The orc priest closely misses you.
You hit the orc priest.
The orc priest is moderately wounded.
The orc priest hits you but does no damage.
You closely miss the orc priest. You headbutt the orc priest.
The orc priest is severely wounded.
You block the orc priest's attack.
The orc priest begins to cast a cantrip, but forgets the words!
You slash the orc!
You kill the orc!
The orc priest looks encouraged for a moment.
The orc priest hits you but does no damage.
The orc priest hits you but does no damage.
The orc priest hits you with a +0 trident.
* * * LOW HITPOINT WARNING * * *
You see here a +0 flail.
You hit the orc priest.
The orc priest is moderately wounded.
You hit the orc priest but do no damage.
The orc priest calls down the wrath of Beogh upon you.
Pain shoots through your body!
* * * LOW HITPOINT WARNING * * *
The orc priest hits you but does no damage.
You slash the orc priest!
The orc priest is almost dead.
You hit the orc priest but do no damage.
The orc priest hits you with a +0 hand axe.
You die...

...# ##.##.# #.#
#.##.# #.. #.##.# #.#
##.##.# #.. ......#
#.# ## ......# #.# .#
......######.####.##.#
.....†.......).)@o...#
##.##.######.####o####
#.##.# #.# .# #.##.#
... .. #.##.# ##.##
.## .....# ### .#
.....# .# ####.# .#


You could see 2 orc priests.

Vanquished Creatures
  A scorpion (D:3)
  4 gnolls (D:3)
  4 adders
  A dart slug (D:2)
  4 orcs (D:3)
  4 ball pythons
  6 endoplasms
  A giant cockroach (D:2)
  5 goblins
  2 hobgoblins (D:2)
  4 jackals (D:2)
  5 kobolds
  4 quokkas (D:1)
  A bat (D:1)
  5 frilled lizards
  3 rats
54 creatures vanquished.

Notes
Turn   | Place    | Note
-------+----------+-------------------------------------------
     0 | D:1      | DrKenneth the Minotaur Fighter began the quest for the Orb.
     0 | D:1      | Reached XP level 1. HP: 19/19 MP: 0/0
   156 | D:1      | Reached XP level 2. HP: 27/27 MP: 1/1
   339 | D:1      | Found a faded altar of an unknown god.
  1120 | D:2      | Reached XP level 3. HP: 33/33 MP: 2/2
  1347 | D:2      | Found a stormy altar of Qazlal.
  1351 | D:2      | Reached XP level 4. HP: 41/41 MP: 3/3
  1686 | D:3      | Noticed a scorpion
  1697 | D:3      | Killed a scorpion
  1698 | D:3      | Reached XP level 5. HP: 41/47 MP: 4/4
  1767 | D:3      | HP: 1/47 [orc priest/nerve-wracking pain (8)]
  1768 | D:3      | Slain by an orc priest

Illustrated notes

Levels and vault maps discovered:
D:1:      wheals_arrival_linesprint, layout_loops_corners,
          ebering_ecumenical_altar_petrified
D:2:      layout_rooms, basic_altar
D:3:      layout_basic, gup_sewer_entry_pipe, kennysheep_generic_room_3,
          uniq_grinder, uniq_robin

Skill      XL: |  1  2  3  4  5 |
---------------+----------------+-----
Armour         | 4 |  4.9
Shields        | 4 |  4.8
Fighting       | 4 |  4.8
Axes           | 3 4 |  4.0

Action                     |  1- 3 |  4- 6 || total
---------------------------+-------+-------++-------
  Melee: War axe           |    75 |    42 ||   117
         Headbutt          |     8 |     7 ||    15
    Use: Scroll            |       |     1 ||     1
 Armour: Scale mail        |    36 |    18 ||    54
  Dodge: Dodged            |    35 |    15 ||    50
  Block: Buckler           |    19 |     8 ||    27

Table legend: (Time is in decaauts)
 A = Elapsed time spent in this place.
 B = Non-inter-level travel time spent in this place.
 C = Inter-level travel time spent in this place.
 D = Time resting spent in this place.
 E = Time spent auto-exploring this place.
 F = Levels seen in this place.
 G = Mean time per level.
                   A        B        C        D        E       F      G
               +--------+--------+--------+--------+--------+-----+--------+
         Total |   1811 |   1700 |    111 |     29 |   1076 |   3 |  603.7 |
       Dungeon |   1811 |   1700 |    111 |     29 |   1076 |   3 |  603.7 |
               +--------+--------+--------+--------+--------+-----+--------+

Top non-repeatable levels by time:
     D:1: 1095 daAuts
     D:2: 488 daAuts
     D:3: 227 daAuts
